 Dungeon Crawl Stone Soup version 0.21.1-1-g345015f (webtiles) character file.

1 tidbits the Grave Robber (level 1, 11/13 HPs)
             Began as a Gnoll Necromancer on June 21, 2018.
             Quit the game on level 1 of the Dungeon.
             The game lasted 00:00:26 (46 turns).

tidbits the Grave Robber (Gnoll Necromancer)          Turns: 46, Time: 00:00:27

Health: 11/13      AC:  2    Str: 10    XL:     1   Next: 20%
Magic:  5/6        EV: 11    Int: 17    God:
Gold:   15         SH:  0    Dex: 15    Spells: 7/9 levels left

rFire    . . .     SeeInvis .   (no weapon)
rCold    . . .     Gourm    .   (no shield)
rNeg     . . .     Faith    .   a - +0 robe
rPois    .         Spirit   .   (no helmet)
rElec    .         Reflect  .   (no cloak)
rCorr    .         Harm     .   (no gloves)
MR       .....                  (no boots)
Stlth    +++.......             (no amulet)
HPRegen  0.04/turn              f - -3 ring of evasion (curse)
MPRegen  0.10/turn              (no ring)

@: no status effects
A: distributed training, fangs 1, strong nose
a: no special abilities


You were on level 1 of the Dungeon.
You were not hungry.

You visited 1 branch of the dungeon, and saw 1 of its levels.

You collected 15 gold pieces.

Inventory:

Armour
 a - a +0 robe (worn)
Jewellery
 f - a cursed -3 ring of evasion (left hand)
   (You found it on level 1 of the Dungeon)
Scrolls
 d - a scroll of teleportation {unknown}
Potions
 e - a potion of brilliance {unknown}
Books
 b - a book of Necromancy

   Spells                             Type                      Level
   a - Pain                           Necromancy                   1
   b - Animate Skeleton               Necromancy                   1
   c - Vampiric Draining              Necromancy                   3
   d - Regeneration                   Charms/Necromancy            3
   e - Animate Dead                   Necromancy                   4
   f - Borgnjor's Vile Clutch         Necromancy/Earth             5
Comestibles
 c - a ration


   Skills:
 + Level 0.0 Fighting
 + Level 0.0 Short Blades
 + Level 0.0 Long Blades
 + Level 0.0 Axes
 + Level 0.0 Maces & Flails
 + Level 0.0 Polearms
 + Level 0.0 Staves
 + Level 0.0 Slings
 + Level 0.0 Bows
 + Level 0.0 Crossbows
 + Level 0.0 Throwing
 + Level 0.0 Armour
 + Level 4.4 Dodging
 + Level 4.0 Stealth
 + Level 0.0 Shields
 + Level 0.0 Unarmed Combat
 + Level 4.8 Spellcasting
 + Level 0.0 Conjurations
 + Level 0.0 Hexes
 + Level 0.0 Charms
 + Level 0.0 Summonings
 + Level 7.0 Necromancy
 + Level 0.0 Translocations
 + Level 0.0 Transmutations
 + Level 0.0 Fire Magic
 + Level 0.0 Ice Magic
 + Level 0.0 Air Magic
 + Level 0.0 Earth Magic
 + Level 0.0 Poison Magic
 + Level 0.0 Invocations
 + Level 0.0 Evocations


You had 7 spell levels left.
You knew the following spells:

 Your Spells              Type           Power        Failure   Level  Hunger
a - Pain                  Necr           ####         1%          1    None
n - Animate Skeleton      Necr           N/A          1%          1    None


Dungeon Overview and Level Annotations

Branches:
Dungeon (1/15)

Altars:


Innate Abilities, Weirdness & Mutations

Your experience applies equally to all skills.
You have very sharp teeth.
Your uncanny sense of smell can sniff out nearby items.


Message History

Welcome, tidbits the Gnoll Necromancer.
The bosom of this dungeon contains the fabled artefact, the Orb of Zot.
Press ? for a list of commands and other information.
Found a staircase leading out of the dungeon.
Memorise Animate Skeleton, consuming 1 spell level and leaving 7?
You start memorising the spell.
You continue memorising.
You finish memorising.
Spell assigned to 'n'.
There is a fountain of clear blue water here.
You open the large door.
There is a fountain of clear blue water here.
You open the door.
There is a fountain of clear blue water here.
You open the large door.
There is a large open door here.
There is a large open door here.
Found 2 poisoned needles.
Found a scroll labeled PAUMUWKIEFU.
You see here a scroll labeled PAUMUWKIEFU.
d - a scroll labeled PAUMUWKIEFU A bat comes into view.
Found 2 gold pieces.
Cast which spell? (? or * to list)
Aiming: Pain
Press: ? - help, Shift-Dir - straight line, f - bat
Aim: a bat (resting, chance to defeat MR: 93%)
The bat writhes in agony!
You kill the bat!
Found a silvery potion.
A frilled lizard comes into view.
Found 13 gold pieces.
The frilled lizard hisses angrily.
Casting: Pain
Confirm with . or Enter, or press ? or * to list all spells.
Aiming: Pain
Press: ? - help, Shift-Dir - straight line, f - frilled lizard
Aim: a frilled lizard (chance to defeat MR: 93%)
The frilled lizard barely resists.
Casting: Pain
Confirm with . or Enter, or press ? or * to list all spells.
Aiming: Pain
Press: ? - help, Shift-Dir - straight line, f/p - frilled lizard
Aim: a frilled lizard (chance to defeat MR: 93%)
The frilled lizard writhes in agony!
You kill the frilled lizard!
You see here 2 gold pieces.
You now have 2 gold pieces.
You see here a silvery potion.
e - a silvery potion
Found a tubular wooden ring.
You see here 13 gold pieces.
You now have 15 gold pieces (gained 13).
Found a stone staircase leading down.
Found a scroll labeled PAUMUWKIEFU.
You see here a tubular wooden ring.
f - a tubular wooden ring Put on which piece of jewellery? (? for menu, Esc to quit)
Oops, that ring feels deathly cold.
f - a cursed -3 ring of evasion (left hand) Are you sure you want to abandon this character and quit the game? (Confirm with "yes".)

######### ####.......#
# #....@....?# +.
##### #..........# #.
>....##.......#### ..
#..........# ..##
####..........# #..#
##...........#.#
##.####..............#
....................##
.#..................#


There were no monsters in sight!

Vanquished Creatures
  A bat (D:1)
  A frilled lizard (D:1)
2 creatures vanquished.

Notes
Turn   | Place    | Note
-------+----------+-------------------------------------------
     0 | D:1      | tidbits the Gnoll Necromancer began the quest for the Orb.
     0 | D:1      | Reached XP level 1. HP: 13/13 MP: 6/6
     2 | D:1      | Learned a level 1 spell: Animate Skeleton
    46 | D:1      | Quit the game

Action                   || total
-------------------------++-------
 Cast: Pain              ||     3

Table legend:
 A = Turns spent in this place as a percentage of turns spent in the entire game.
 B = Non-inter-level travel turns spent in this place as a percentage of non-inter-level travel turns spent in the entire game.
 C = Inter-level travel turns spent in this place as a percentage of turns spent in this place.
 D = Turns resting spent in this place as a percentage of non-inter-level travel turns spent in this place.
 E = Turns spent auto-exploring this place as a percentage of non-inter-level travel turns spent in this place.
 F = Non-inter-level travel turns spent in this place divided by the number of levels of this place that you've seen.
                   A       B       C       D       E      F
               +-------+-------+-------+-------+-------+----------------------
         Total | 100.0 | 100.0 |   0.0 |   0.0 |   0.0 |  46.0
       Dungeon | 100.0 | 100.0 |   0.0 |   0.0 |   0.0 |  46.0
               +-------+-------+-------+-------+-------+----------------------

Table legend:
 A = Kills in this place as a percentage of kills in entire the game.
 B = Kills by you in this place as a percentage of kills by you in the entire game.
 C = Kills by friends in this place as a percentage of kills by friends in the entire game.
 D = Other kills in this place as a percentage of other kills in the entire game.
 E = Experience gained in this place as a percentage of experience gained in the entire game.
 F = Experience gained in this place divided by the number of levels of this place that you have seen.
                   A       B       C       D       E      F
               +-------+-------+-------+-------+-------+----------------------
         Total | 100.0 | 100.0 |   N/A |   N/A | 100.0 |   2.0
       Dungeon | 100.0 | 100.0 |   N/A |   N/A | 100.0 |   2.0
               +-------+-------+-------+-------+-------+----------------------

Vault maps used:
D:1:      grunt_arrival_crossed_arrows
